Map: Odyssey LE

Players

forushorus

  • Race: Zerg Zerg
  • League: Platinum
  • Spawn Location: 5:00

alphajets - Winner!

  • Race: Terran Terran
  • League: Platinum
  • Spawn Location: 11:00

VOD

Have the link to the VOD?

Description

Time

  • Played on: Dec. 25, 2017, 10:09 p.m.
  • Length: 31:09
Show
View Real Time Build Order
Export as new Build Order

forushorus Zerg 

Build Orders: Pool First 

Get SALT Encoding   

  12  0:02  Drone  
  13  0:13  Overlord  
  13  0:23  Drone  
  13  0:27  Extractor, Drone  
  15  0:34  Drone  
  17  0:35  Drone  
  17  0:43  Extractor  
  17  0:47  Drone  
  17  0:54  Spawning Pool  
  16  0:59  Drone  
  17  1:07  Drone  
  18  1:18  Overlord  
  18  1:42  Zergling x4  
  18  1:46  Queen  
  22  1:56  Metabolic Boost  
  22  1:58  Hatchery  
  22  1:59  Drone  
  22  2:11  Overlord  
  22  2:23  Zergling x2  
  22  2:25  Zergling x2  
  24  2:31  Lair  
  23  3:02  Drone  
  23  3:03  Drone x5  
  29  3:11  Drone  
  30  3:22  Drone x2  
  30  3:23  Queen  
  34  3:32  Hydralisk Den, Drone  
  34  3:36  Drone x2  
  34  3:37  Drone  
  37  3:44  Evolution Chamber, Drone  
  37  3:45  Evolution Chamber  
  37  3:47  Evolution Chamber  
  35  3:51  Zergling x4  
  37  4:04  Pneumatized Carapace  
  37  4:06  Drone x2  
  37  4:07  Drone  
  40  4:16  Extractor, Drone  
  40  4:18  Drone  
  40  4:22  Overlord  
  41  4:27  Overlord  
  41  4:30  Overlord  
  41  4:32  Overlord  
  41  4:38  Drone  
  41  4:39  Drone x2  
  41  4:42  Drone  
  45  4:48  Drone x3  
  45  4:52  Zergling x4  
  48  5:24  Hydralisk x4  
  55  5:35  Queen  
  55  5:42  Queen  
  59  5:44  Extractor  
  59  5:45  Drone x5  
  59  5:47  Extractor  
  61  6:00  Hatchery  
  61  6:01  Hydralisk x2  
  61  6:02  Hydralisk x2  
  61  6:04  Hydralisk  
  66  6:11  Queen  
  66  6:17  Queen  
  68  6:21  Hydralisk x2  
  68  6:23  Zergling x4  
  68  6:24  Zergling x2  
  75  6:30  Overlord x2  
  75  6:31  Overlord x2  
  75  6:57  Drone  
  75  6:59  Drone x3  
  75  7:01  Drone  
  80  7:14  Hatchery  
  79  7:15  Drone  
  80  7:23  Zerg Missile Weapons Level 1, Zerg Ground Armor Level 1  
  80  7:26  Muscular Augments  
  80  7:36  Drone x3  
  80  7:37  Drone x5  
  85  7:38  Drone x3  
  91  8:04  Overlord x3  
  91  8:05  Overlord x6  
  91  8:14  Extractor  
  90  8:22  Extractor  
  89  8:27  Hatchery  
  89  8:31  Zergling x4  
  89  8:32  Zergling x16  
  98  8:47  Zergling x12  
  98  8:48  Zergling x6  
  107  8:55  Roach Warren  
  104  9:10  Hydralisk x6  
  104  9:11  Hydralisk x5  
  126  9:20  Baneling Nest, Zerg Ground Armor Level 2, Zerg Melee Weapons Level 1  
  126  9:21  Zerg Missile Weapons Level 2  
  125  9:42  Drone x5  
  125  9:43  Drone x6  
  136  9:53  Roach x5  
  146  10:11  Roach x9  
  146  10:12  Roach x6  
  176  10:25  Overlord  
  176  10:26  Overlord x4  
  176  10:34  Drone  
  177  10:37  Drone x3  
  177  10:38  Drone x2  
  182  10:46  Overlord x2  
  182  10:50  Glial Reconstitution  
  182  10:56  Infestation Pit  
  181  10:57  Drone  
  181  10:59  Roach x4  
  181  11:00  Roach x5  
  200  11:29  Hatchery  
  199  11:51  Drone  
  200  11:56  Hive  
  200  12:00  Zerg Melee Weapons Level 2  
  200  12:59  Baneling  
  200  13:00  Baneling x6  
  200  13:01  Baneling x8  
  200  13:02  Baneling  
  200  13:06  Tunneling Claws  
  200  13:08  Centrifical Hooks  
  191  13:22  Roach x6  
  191  13:24  Roach x3  
  197  13:37  Zergling x4  
  197  13:38  Zergling x2  
  198  14:16  Zergling x4  
  140  15:43  Zergling x12  
  140  15:44  Zergling x14  
  140  15:45  Zergling x16  
  140  15:46  Zergling x16  
  140  15:47  Roach x3, Zergling x8  
  140  15:48  Roach x2  
  151  15:50  Hydralisk x7  
  151  15:51  Hydralisk x8  
  151  15:52  Hydralisk x8  
  151  15:53  Hydralisk x5  
  159  16:09  Queen  
  157  16:16  Hydralisk x7  
  157  16:17  Hydralisk x8  
  157  16:18  Hydralisk  
  189  16:39  Roach  
  199  16:40  Roach x4  
  199  16:47  Hatchery  
  199  16:48  Hatchery  
  199  16:49  Baneling x3  
  199  16:50  Baneling x8  
  199  16:51  Baneling x2  
  197  16:59  Extractor, Drone  
  197  17:33  Roach  
  133  17:55  Roach  
  133  17:56  Roach x8  
  133  17:57  Roach x8  
  96  18:16  Queen  
  96  18:19  Roach x5  
  108  18:20  Roach  
  108  18:23  Hydralisk x2  
  112  18:32  Queen  
  114  18:48  Hydralisk x2  
  114  18:49  Hydralisk x6  
  130  19:03  Drone  
  130  19:05  Zergling x2  
  130  19:06  Zergling x2  
  130  19:07  Zergling x14  
  140  19:23  Drone x2  
  140  19:24  Drone x2  
  144  19:26  Extractor  
  143  19:46  Zerg Ground Armor Level 3  
  143  19:49  Hydralisk  
  143  19:50  Hydralisk x7  
  149  19:58  Drone x7  
  149  19:59  Drone  
  157  20:01  Drone x3  
  160  20:15  Roach x4  
  160  20:16  Roach x5  
  163  20:33  Zergling x16  
  163  20:34  Zergling x16  
  163  20:35  Zergling x6  
  150  20:41  Roach x3  
  154  21:03  Baneling x12  
  154  21:04  Baneling x7  
  154  21:05  Baneling  
  154  21:06  Baneling  
  154  21:09  Zergling x16  
  154  21:10  Zergling x20  
  154  21:11  Zergling x4  
  126  21:41  Viper  
  126  21:42  Roach x6  
  126  21:43  Zergling x10  
  126  21:44  Zergling x10  
  126  21:45  Zergling x8  
  98  22:08  Zergling x2  
  98  22:09  Zergling x28  
  98  22:10  Zergling x6  
  99  22:26  Roach x7  
  99  22:27  Roach x6  
  98  22:39  Hydralisk x5  
  98  22:40  Hydralisk  
  98  22:43  Zergling x6  
  84  23:07  Zergling x2  
  84  23:08  Zergling x28  
  99  23:29  Baneling x3  
  99  23:30  Baneling x8  
  99  23:31  Baneling x2  
  99  23:32  Hydralisk x2  
  99  23:33  Hydralisk x3  
  104  23:34  Zergling x2  
  104  23:36  Zergling x2  
  104  23:37  Zergling x16  
  113  24:00  Roach x4  
  113  24:01  Roach x8  
  137  24:11  Spine Crawler x2  
  137  24:13  Spine Crawler  
  137  24:14  Spore Crawler  
  137  24:16  Spore Crawler  
  132  24:18  Spore Crawler  
  132  24:22  Spine Crawler  
  128  24:37  Roach x6  
  128  24:38  Roach x8  
  154  24:39  Roach x3, Zergling x4  
  154  24:40  Zergling x8  
  163  25:25  Roach x7  
  177  25:35  Hatchery  
  116  25:51  Hydralisk x5  
  116  25:52  Hydralisk x7  
  116  25:54  Zergling x4  
  116  25:55  Zergling x18  
  116  25:56  Zergling x4  
  130  26:27  Hatchery  
  129  26:34  Roach  
  129  26:35  Roach x10  
  129  26:36  Roach x8  
  129  26:37  Roach  
  169  26:47  Hatchery  
  168  26:49  Zergling x12  
  168  26:50  Zergling x4  
  91  27:08  Roach  
  91  27:09  Roach x5  
  103  27:25  Hydralisk x2  
  107  27:41  Drone x3  
  100  28:10  Hydralisk x5  
  108  28:15  Zergling x6  
  56  28:48  Hydralisk  
  56  28:49  Hydralisk x7  
  56  28:51  Zergling x2  
  58  29:26  Roach x3  
  58  29:27  Roach x5  
  66  30:20  Zergling x8  
  75  30:21  Zergling x10  
Show
View Real Time Build Order
Export as new Build Order

alphajets Terran - Winner!

Build Orders: Reaper Expand 

Get SALT Encoding   

  12  0:01  SCV  
  13  0:13  SCV  
  14  0:17  Supply Depot  
  14  0:27  SCV  
  15  0:35  Refinery  
  15  0:41  Barracks  
  15  0:45  SCV  
  16  1:00  SCV  
  17  1:12  SCV  
  18  1:28  Reaper  
  18  1:30  Orbital Command  
  19  1:39  Refinery  
  19  1:52  Command Center  
  19  2:05  Factory  
  19  2:15  Supply Depot, SCV  
  20  2:27  SCV  
  21  2:33  Barracks Reactor  
  21  2:50  Factory Tech Lab  
  21  2:53  Starport  
  21  2:54  SCV  
  22  2:59  Armory  
  22  3:06  SCV  
  23  3:13  Marine x2  
  25  3:26  Orbital Command  
  27  3:29  SCV  
  28  3:46  Thor  
  32  3:50  SCV  
  33  3:56  Medivac  
  33  3:59  SCV  
  36  4:03  SCV  
  37  4:11  SCV  
  37  4:12  Marine x2  
  37  4:15  SCV  
  41  4:23  SCV  
  41  4:24  Supply Depot  
  42  4:28  SCV  
  42  4:30  Marine x2  
  45  4:52  SCV x2  
  47  4:57  Supply Depot  
  47  4:59  Supply Depot  
  47  5:04  SCV x2  
  49  5:16  SCV  
  50  5:37  Marine x2  
  50  5:39  Siege Tank  
  55  5:45  Barracks x2  
  55  5:50  Engineering Bay, SCV x2  
  55  5:51  Engineering Bay  
  55  5:55  Marine x2  
  55  5:56  Supply Depot  
  59  6:02  SCV  
  59  6:03  SCV  
  61  6:11  Siege Tank  
  64  6:15  SCV x2  
  64  6:18  Marine x2  
  58  6:19  Starport Reactor  
  60  6:27  SCV x2  
  62  6:36  Terran Infantry Armor Level 1, Terran Infantry Weapons Level 1  
  62  6:41  Factory, Barracks Reactor  
  62  6:43  Siege Tank, Barracks Tech Lab  
  65  6:48  SCV x2  
  65  6:53  Refinery  
  67  6:54  Refinery  
  67  6:59  Command Center  
  67  7:00  SCV x2  
  69  7:09  Marine  
  69  7:10  Marine x2  
  69  7:12  SCV  
  69  7:13  SCV  
  69  7:15  Siege Tank, Stimpack  
  77  7:25  SCV  
  78  7:37  Supply Depot x2  
  78  7:42  Supply Depot, Factory Tech Lab  
  78  7:58  Marine x5, Siege Tank  
  86  8:00  Barracks  
  86  8:02  Barracks  
  86  8:09  Barracks  
  86  8:16  Marine x5  
  86  8:18  Medivac x2  
  95  8:30  Siege Tank  
  98  8:48  Medivac x2  
  98  8:50  Marine  
  98  8:51  Marine x2  
  98  8:52  Barracks Reactor x2  
  100  9:11  Planetary Fortress  
  100  9:14  SCV x2  
  100  9:15  Combat Shields  
  102  9:26  SCV x2  
  102  9:28  Marine x5  
  102  9:29  Marine x3  
  102  9:30  Barracks Reactor  
  112  9:31  Marine  
  112  9:35  Supply Depot  
  112  9:36  Supply Depot  
  114  9:38  Terran Vehicle Weapons Level 1, SCV x2  
  114  9:39  Missile Turret  
  114  9:40  Supply Depot  
  114  9:43  Missile Turret  
  115  9:46  Marine x2  
  117  9:56  Thor, SCV x2  
  117  9:57  Thor  
  131  10:01  Sensor Tower, SCV  
  131  10:05  Refinery  
  132  10:07  Refinery  
  132  10:09  SCV x2  
  132  10:10  Command Center  
  132  10:11  Marine x6  
  132  10:12  Marine, Sensor Tower  
  141  10:15  Supply Depot  
  141  10:20  Supply Depot  
  141  10:26  Supply Depot x2  
  141  10:31  Command Center  
  141  10:36  Marine  
  141  10:37  Marine x2, Medivac x2, SCV  
  141  10:38  Supply Depot  
  141  10:41  Marine  
  141  10:42  Siege Tank  
  153  10:49  Thor  
  159  10:50  Supply Depot  
  159  10:56  Marine x6  
  165  10:57  Marine x4  
  165  10:59  Marine  
  170  11:07  Supply Depot x2  
  170  11:08  Supply Depot  
  170  11:14  Marine, Siege Tank  
  174  11:28  Terran Infantry Weapons Level 2  
  174  11:32  Siege Tank  
  177  11:46  Thor  
  183  12:04  Siege Tank  
  186  12:16  SCV x3  
  186  12:22  Sensor Tower  
  190  12:26  Supply Depot  
  190  12:28  SCV x2, Planetary Fortress  
  191  12:38  Missile Turret  
  191  12:39  Missile Turret  
  191  12:49  Refinery  
  191  12:54  Marine x6, Sensor Tower  
  191  12:55  Marine x3  
  199  14:08  Factory  
  199  14:09  Factory  
  199  14:46  Refinery  
  199  15:06  Marine  
  137  16:03  Marine  
  137  16:04  Marine x9  
  139  16:05  Marine  
  139  16:07  Thor x2  
  145  16:18  Factory Tech Lab x2  
  145  16:21  Marine x2  
  145  16:22  Marine x7  
  154  16:38  Thor x2  
  166  16:49  Thor  
  166  16:50  Thor  
  178  17:21  Thor  
  184  17:27  Command Center  
  184  17:34  Command Center  
  184  17:41  Command Center  
  184  17:43  Thor  
  187  17:45  Thor  
  187  17:47  Thor  
  172  17:58  Marine x5  
  148  17:59  Marine x6  
  146  18:06  Terran Infantry Armor Level 2, Terran Infantry Weapons Level 3  
  146  18:16  Marine x7  
  146  18:17  Marine x4  
  157  18:22  Siege Tank  
  157  18:26  Siege Tank  
  163  18:30  Thor  
  163  18:33  Marine, Sensor Tower  
  170  18:34  Marine x9  
  170  18:35  Marine  
  180  18:44  Sensor Tower  
  180  18:51  Marine, Siege Tank  
  180  18:52  Marine x10  
  194  19:09  Marine x2  
  195  19:10  Marine  
  197  19:32  Siege Tank  
  179  20:42  Marine x4  
  181  20:43  Marine x7  
  190  21:03  Siege Tank x3  
  184  21:37  Siege Tank  
  184  21:38  Siege Tank  
  135  21:57  Marine  
  135  21:58  Marine x10  
  146  22:15  Marine x3  
  147  22:16  Marine x8  
  133  22:32  Orbital Command  
  133  22:33  Marine x5  
  133  22:34  Marine x6  
  126  22:50  Marine  
  127  22:51  Marine x6  
  127  22:52  Marine x4, Refinery  
  137  23:01  Refinery  
  134  23:08  Marine  
  134  23:09  Marine x9  
  134  23:10  Marine  
  145  23:26  Marine  
  145  23:27  Marine x9  
  155  23:35  Thor  
  161  23:44  Siege Tank  
  164  23:55  Siege Tank  
  165  24:34  Marine x5  
  165  24:35  Marine x6  
  176  24:52  Marine  
  130  25:52  Marine x8  
  130  25:53  Marine x3  
  103  26:09  Marine x2  
  103  26:10  Marine x7  
  103  26:11  Marine x2  
  114  26:12  Siege Tank x4  
  126  26:27  Marine x3  
  126  26:28  Marine x8  
  137  26:33  Orbital Command  
  137  26:44  Siege Tank  
  137  26:54  Marine x2  
  119  27:20  Marine x2  
  119  27:21  Marine x9  
  130  27:25  Siege Tank x4  
  142  27:38  Marine x4  
  142  27:39  Marine x7  
  153  27:51  Command Center  
  153  27:56  Marine x3  
  153  27:57  Siege Tank x3  
  153  28:15  Marine x5  
  153  28:16  Marine x4  
  143  28:27  Marine x2  
  143  28:29  Siege Tank x2  
  143  28:33  Thor, Marine x6  
  143  28:34  Marine  
  164  29:00  Marine x2  
  141  30:00  Thor x3  
  141  30:02  Marine x5  
  164  30:40  Orbital Command  
Tags
 
Add a new tag
Caveats
  • Supply blocks, unpowered buildings, or Contaminate may cause inaccurate times.
  • Supply counts are checked every 10 seconds.